Map: Rhoskallian EE

Players

TURBOJUSTICE

  • Race: Zerg Zerg
  • Spawn Location: 11:00

SIlverDynamo

  • Race: Terran Terran
  • Spawn Location: 12:00

MrFercho

  • Race: Zerg Zerg
  • League: Silver
  • Spawn Location: 6:00

tigro

  • Race: Terran Terran
  • League: Bronze
  • Spawn Location: 5:00

VOD

Have the link to the VOD?

Description

Time

  • Played on: June 12, 2020, 9:33 p.m.
  • Length: 6:21
Show
View Real Time Build Order
Export as new Build Order

TURBOJUSTICE Zerg 

Build Orders: Hatch First 

Get SALT Encoding   

  12  0:03  Drone  
  13  0:12  Drone  
  14  0:18  Overlord  
  14  0:47  Hatchery  
  13  0:56  Drone  
  14  0:58  Drone x2  
  16  1:14  Spawning Pool  
  15  1:28  Drone x2  
  15  1:31  Drone  
  18  1:37  Extractor  
  17  2:00  Evolution Chamber  
  17  2:01  Queen x2  
  20  2:14  Drone x3  
  23  2:15  Spine Crawler  
  23  2:16  Drone  
  23  2:22  Drone  
  24  3:00  Roach Warren, Drone  
  24  3:01  Drone x2  
  24  3:02  Overlord x2  
  26  3:07  Drone  
  27  3:14  Extractor  
  26  3:25  Zerg Missile Weapons Level 1  
  26  3:31  Drone x2  
  28  3:40  Roach  
  28  3:41  Roach x2  
  34  3:50  Extractor  
  34  3:52  Drone x2  
  34  3:53  Extractor, Drone x3  
  34  3:54  Drone  
  38  4:05  Overlord x2  
  38  4:24  Roach x2  
  38  4:25  Roach x3  
  48  4:33  Roach  
  48  4:36  Drone x2  
  52  4:54  Overlord x2  
  52  5:04  Lair  
  52  5:13  Roach  
  58  5:14  Roach x2  
  58  5:41  Roach  
  58  5:42  Roach x4  
  68  5:47  Overlord  
  68  5:48  Overlord  
Show
View Real Time Build Order
Export as new Build Order

SIlverDynamo Terran 

Build Orders: 1/1/1, Banshee Rush 

Get SALT Encoding   

  12  0:01  SCV  
  13  0:15  Supply Depot  
  13  0:18  SCV  
  14  0:30  SCV  
  14  0:31  Refinery  
  15  0:43  Barracks  
  15  0:47  SCV  
  16  0:59  SCV  
  16  1:02  Supply Depot  
  17  1:11  SCV  
  17  1:13  Refinery  
  18  1:23  SCV  
  19  1:35  Factory  
  19  1:36  SCV  
  20  1:48  Orbital Command  
  20  1:52  Barracks Tech Lab  
  20  2:08  Supply Depot  
  20  2:15  SCV  
  21  2:21  Starport  
  21  2:25  Factory Tech Lab  
  21  2:28  SCV  
  22  2:33  Supply Depot  
  22  2:40  SCV  
  23  2:52  Starport  
  23  2:53  SCV  
  24  2:59  Banshee  
  24  3:03  Cloaking Field  
  27  3:09  SCV  
  28  3:20  Engineering Bay  
  28  3:30  Banshee  
  31  3:48  Missile Turret  
  31  3:51  Banshee  
  34  4:13  Viking  
  36  4:31  Command Center  
  36  4:34  Viking  
  38  4:47  Refinery  
  35  5:19  Viking, Banshee  
  40  5:27  SCV  
  38  5:35  Supply Depot  
  35  5:39  SCV  
  39  5:51  SCV  
  40  5:57  Fusion Core  
  40  6:01  SCV  
  40  6:03  SCV  
Show
View Real Time Build Order
Export as new Build Order

MrFercho Zerg 

Build Orders: Pool First 

Get SALT Encoding   

  12  0:01  Drone  
  13  0:14  Overlord  
  13  0:19  Drone  
  14  0:37  Drone x3  
  17  0:51  Drone  
  18  1:13  Drone  
  19  1:19  Spawning Pool  
  18  1:29  Extractor, Drone x2  
  18  1:30  Drone  
  18  1:32  Hatchery  
  19  1:47  Drone  
  19  1:52  Drone  
  21  2:10  Drone  
  22  2:23  Overlord  
  22  2:26  Overlord  
  22  2:41  Queen  
  24  2:45  Queen  
  24  2:47  Drone x2  
  24  2:48  Drone  
  29  3:02  Drone x2  
  31  3:06  Drone  
  31  3:07  Drone  
  33  3:16  Drone  
  33  3:18  Drone  
  35  3:29  Drone x2  
  37  3:37  Drone  
  37  3:41  Extractor  
  37  3:42  Extractor  
  37  3:45  Roach Warren  
  35  3:53  Drone x3  
  38  4:02  Drone x2  
  40  4:03  Drone x3  
  40  4:05  Drone  
  44  4:10  Overlord x2  
  44  4:15  Lair  
  44  4:21  Overlord x2  
  44  4:28  Queen  
  46  4:37  Spore Crawler  
  37  5:16  Hydralisk Den  
  37  5:20  Overseer  
  29  5:36  Drone x7  
  29  5:37  Drone x5  
Show
View Real Time Build Order
Export as new Build Order

tigro Terran 

Build Orders:  

Get SALT Encoding   

  12  0:03  SCV  
  13  0:15  SCV  
  14  0:26  Supply Depot  
  14  0:28  SCV  
  15  0:31  Refinery  
  15  0:48  SCV  
  16  0:56  Barracks  
  16  1:00  SCV  
  17  1:05  Refinery  
  17  1:12  SCV  
  18  1:19  Supply Depot  
  18  1:24  SCV  
  19  1:36  SCV  
  20  1:46  Marine  
  21  1:48  SCV  
  22  1:59  Barracks  
  22  2:04  Marine  
  23  2:20  SCV  
  23  2:22  Marine  
  25  2:26  Engineering Bay  
  25  2:40  Marine  
  26  2:48  Barracks Tech Lab  
  26  2:49  Factory  
  26  2:52  Orbital Command  
  26  2:58  Marine  
  27  3:19  Command Center  
  27  3:32  Barracks Tech Lab  
  27  3:36  Terran Infantry Weapons Level 1  
  27  3:40  Factory Tech Lab  
  27  3:52  Combat Shield  
  27  3:54  Starport  
  27  4:15  Stimpack  
  27  4:34  Refinery  
  25  5:12  Marine x2  
  27  5:15  Medivac  
  28  5:30  Marine x2  
  28  5:34  Siege Tank  
  33  5:45  Medivac  
  33  5:48  Marine x2  
Tags
 
Add a new tag
Caveats
  • Supply blocks, unpowered buildings, or Contaminate may cause inaccurate times.
  • Supply counts are checked every 10 seconds.